 Dungeon Crawl Stone Soup version 0.31.0-32-g396128a36d (webtiles) character file.

Game seed: 5706869926408482599

9035 tetou the Basher (level 11, -3/151 HPs)
             Began as a Minotaur Berserker on Mar 22, 2024.
             Was a High Priest of Trog.
             Shot with an arrow by a centaur warrior (5 damage)
             ... on level 10 of the Dungeon.
             The game lasted 00:43:24 (10871 turns).

tetou the Basher (Minotaur Berserker)              Turns: 10871, Time: 00:43:25

Health: -3/151     AC: 16    Str: 21    XL:     11   Next: 17%
Magic:  10/10      EV: 10    Int:  4    God:    Trog [*****.]
Gold:   749        SH:  0    Dex: 15    Spells: 10/10 levels left

rFire   . . .        a - +0 mace
rCold   . . .        (no shield)
rNeg    . . .        e - +0 plate armour
rPois   .            o - +2 hat
rElec   .            (no cloak)
rCorr   .            g - +0 pair of gloves
SInv    .            K - +2 pair of boots
Will    ++...        (no amulet) Stlth
                     (no ring)
HPRegen 1.45/turn    (no ring)
MPRegen 0.12/turn

%: no passive effects
@: berserking, strong-willed, regenerating, very quick
A: horns 2, retaliatory headbutt, deformed body
a: Renounce Religion, Berserk, Trog's Hand, Brothers in Arms


You were on level 10 of the Dungeon.
You worshipped Trog.
Trog was extremely pleased with you.
You visited 1 branch of the dungeon, and saw 10 of its levels.

You collected 749 gold pieces.

Inventory:

Hand Weapons
 a - a +0 mace (weapon)
 q - a +3 flail
 r - a +1 whip of electrocution
 D - a +2 mace of protection
 P - a +0 flail of protection
 W - a +5 flail
 X - a +4 mace
Missiles
 t - 94 stones (quivered)
 C - 6 boomerangs
 E - 30 poisoned darts
 Z - a throwing net
Armour
 e - a +0 plate armour (worn)
 g - a +0 pair of gloves (worn)
 o - a +2 hat (worn)
 y - a +0 plate armour
 K - a +2 pair of boots (worn)
Jewellery
 x - a ring of protection from cold
 M - a ring of flight
 O - a +6 ring of intelligence
 Y - an amulet of magic regeneration
Talismans
 b - a serpent talisman
Wands
 c - a wand of mindburst (16)
 w - a wand of paralysis (34)
 R - a wand of light (14)
 S - a wand of flame (16)
Scrolls
 f - 2 scrolls of enchant armour {unknown}
 k - 5 scrolls of identify {unknown}
 m - 3 scrolls of amnesia {unknown}
 n - 3 scrolls of acquirement {unknown}
 p - 3 scrolls of vulnerability {unknown}
 v - 2 scrolls of fear {unknown}
 A - 2 scrolls of silence {unknown}
 F - 2 scrolls of immolation {unknown}
 H - 6 scrolls of teleportation {unknown}
 I - 2 scrolls of poison {unknown}
 N - a scroll of blinking {unknown}
 U - a scroll of fog {unknown}
Potions
 d - 2 potions of cancellation {unknown}
 h - a potion of magic {unknown}
 i - 3 potions of curing {unknown}
 j - 3 potions of heal wounds {unknown}
 s - 2 potions of lignification {unknown}
 u - a potion of haste {unknown}
 z - a potion of might {unknown}
 B - a potion of ambrosia {unknown}
 G - 2 potions of attraction {unknown}
 J - 3 potions of brilliance {unknown}
 L - 2 potions of degeneration {unknown}
 Q - 4 potions of mutation {unknown}
 T - a potion of enlightenment {unknown}
Miscellaneous
 l - a condenser vane


   Skills:
 + Level 10.9 Fighting
 - Level 12.0 Maces & Flails
 + Level 10.4 Armour
 + Level 9.5 Dodging


You had 10 spell levels left.
You didn't know any spells.
Your spell library contained the following spells:

 Spells                   Type           Power      Damage    Failure   Level
 Inner Flame              Hex/Fire       0%         N/A       100%        3
 Flame Wave               Conj/Fire      0%         2d4       100%        4
 Sticky Flame             Fire/Alch      0%         2d4       100%        4
 Vhi's Electric Charge    Tloc/Air       0%         N/A       100%        4
 Arcjolt                  Conj/Air       0%         1d10      100%        5
 Maxwell's Capacitive Co  Air            0%         ∞         100%        8


Dungeon Overview and Level Annotations

Branches:
Dungeon (10/15)            Temple (0/1) D:5             Orc (0/2) D:9
   Lair: D:8-11

Altars:
Cheibriados
Fedhas
Kikubaaqudgha
Trog
Uskayaw

Shops:
D:1 *   D:3 !   D:5 :   D:9 [(


Innate Abilities, Weirdness & Mutations

You have a pair of horns on your head.
You reflexively headbutt those who attack you in melee.
Armour fits poorly on your strangely shaped body.


Message History

You're too confused to attack without stumbling around!
You closely miss something. Your headbutt misses something. Something hits you.
Something bites you but does no damage. Something hits you but does no damage.
Something bites you but does no damage.
You're too confused to attack without stumbling around!
You bump into the rock wall.
Something hits you but does no damage. Something bites you.
Something draws strength from your injuries!
You feel less confused. Something hits you but does no damage.
Something bites you but does no damage.
A centaur warrior comes into view.
The centaur warrior wields a +0 shortbow.
The centaur warrior shoots an arrow.
The arrow completely misses you. Something hits you but does no damage.
Something bites you.
Something draws strength from your injuries!
You hit something. You headbutt something.
The centaur warrior shoots an arrow.
The arrow hits you!
* * * LOW HITPOINT WARNING * * *
Something hits you but does no damage. Something bites you.
* * * LOW HITPOINT WARNING * * *
Something draws strength from your injuries!
The centaur warrior shoots an arrow.
The arrow hits you.
* * * LOW HITPOINT WARNING * * *
Your skin crawls.
You feel strong-willed. Something hits you!
* * * LOW HITPOINT WARNING * * *
Something bites you but does no damage.
A red film seems to cover your vision as you go berserk!
You feel yourself moving faster!
You feel mighty!
The centaur warrior shoots an arrow.
The arrow hits you.
* * * LOW HITPOINT WARNING * * *
Something hits you but does no damage. Something bites you but does no damage.
The centaur warrior shoots an arrow.
The arrow hits you!
* * * LOW HITPOINT WARNING * * *
Unknown command.
You hit something but do no damage. You barely miss something.
The centaur warrior shoots an arrow.
The arrow hits you.
You die...

.. #. #. ####.##
.....# #..### #
######### #....##.#
#....c..# #.......#
#@# ##.#.#..# #.#
#.#.#<..# ###.#
#.#.#...# ### ###
#...#####.#.#V..# #).
..####.#.........#.#.#
#.#
.........#####.###.#.#
#.# #.#####..# #.#
$#.# # #.# #.# #.##
#.# # #.# #.#
#.######.##


You could see a centaur warrior.

Vanquished Creatures
  Gastronok (D:9)
  Maurice (D:8)
  2 kobold demonologists (D:9)
  A hornet (D:8)
  Sigmund (D:2)
  A wraith (D:9)
  2 wyverns (D:9)
  10 yaks
  A steam dragon (D:5)
  Menkaure (D:4)
  2 acid dragons (D:9)
  Duvessa (D:5)
  2 water moccasins
  A black bear (D:6)
  7 orc warriors
  2 ice beasts
  An ogre (D:4)
  2 centaurs
  5 kobold brigands
  Blork the orc (D:6)
  3 bullfrogs
  A gnoll sergeant (D:10)
  A scorpion (D:5)
  15 wights
  Dowan (D:5)
  4 howler monkeys
  A bombardier beetle (D:3)
  3 gnoll boudas
  3 orc priests
  3 hounds
  A jelly (D:6)
  4 iguanas
  8 orc wizards
  4 sleepcaps
  18 gnolls
  8 adders
  A white imp (D:7)
  2 dart slugs (D:5)
  2 ribbon worms
  57 orcs
  3 ball pythons
  5 endoplasms
  2 giant cockroaches
  4 hobgoblins (D:1)
  2 jackals (D:3)
  15 kobolds
  2 training dummies (D:5)
  9 bats
  5 frilled lizards
  4 goblins
  3 rats
239 creatures vanquished.

Notes
Turn   | Place    | Note
-------+----------+-------------------------------------------
     0 | D:1      | tetou the Minotaur Berserker began the quest for the Orb.
     0 | D:1      | Reached XP level 1. HP: 19/19 MP: 0/0
   313 | D:1      | Reached skill level 4 in Maces & Flails
   313 | D:1      | Reached XP level 2. HP: 26/27 MP: 1/1
   368 | D:1      | Found Suen's General Store.
   935 | D:2      | Reached XP level 3. HP: 32/33 MP: 2/2
   956 | D:2      | Found a faded altar of an unknown god.
   975 | D:2      | Reached ** piety under Trog
   999 | D:2      | Reached skill level 5 in Maces & Flails
  1349 | D:2      | Noticed Sigmund
  1367 | D:2      | Killed Sigmund
  1368 | D:2      | Reached skill level 7 in Maces & Flails
  1368 | D:2      | Reached XP level 4. HP: 40/40 MP: 3/3
  1368 | D:2      | Reached XP level 5. HP: 46/46 MP: 4/4
  1708 | D:3      | Found a snail-covered altar of Cheibriados.
  1716 | D:3      | Reached skill level 8 in Maces & Flails
  1716 | D:3      | Reached XP level 6. HP: 52/52 MP: 5/5
  1782 | D:3      | Found Wimoqumm's Distillery.
  2452 | D:4      | Noticed Menkaure
  2459 | D:4      | Killed Menkaure
  2460 | D:4      | Reached skill level 9 in Maces & Flails
  2745 | D:4      | Reached XP level 7. HP: 32/58 MP: 6/6
  3923 | D:4      | Reached skill level 10 in Maces & Flails
  4169 | D:5      | Entered Level 5 of the Dungeon
  4388 | D:5      | Found Nuzateq's Tiny Tomes.
  4405 | D:5      | Found a staircase to the Ecumenical Temple.
  4427 | D:5      | Reached skill level 11 in Maces & Flails
  4450 | D:5      | Noticed a steam dragon
  4463 | D:5      | Killed a steam dragon
  4464 | D:5      | Reached XP level 8. HP: 54/66 MP: 7/7
  4635 | D:5      | Found a bloodstained altar of Trog.
  4786 | D:5      | Noticed Duvessa
  4786 | D:5      | Noticed Dowan
  4797 | D:5      | Killed Dowan
  4813 | D:5      | Killed Duvessa
  5421 | D:6      | Found a hide-covered altar of Uskayaw.
  5504 | D:6      | Reached skill level 5 in Fighting
  5693 | D:6      | Noticed Blork the orc
  5706 | D:6      | Killed Blork the orc
  5706 | D:6      | Reached *** piety under Trog
  6001 | D:6      | Reached skill level 12 in Maces & Flails
  6139 | D:6      | Found an ancient bone altar of Kikubaaqudgha.
  6391 | D:7      | Reached skill level 5 in Armour
  6391 | D:7      | Reached XP level 9. HP: 51/75 MP: 8/8
  6854 | D:7      | Reached skill level 5 in Dodging
  7232 | D:7      | Found a blossoming altar of Fedhas.
  7766 | D:8      | Reached **** piety under Trog
  8019 | D:8      | Reached XP level 10. HP: 62/88 MP: 9/9
  8106 | D:8      | Noticed Maurice
  8119 | D:8      | Maurice stole a +4 mace
  8122 | D:8      | Maurice stole a ring of protection from cold
  8125 | D:8      | Killed Maurice
  8722 | D:9      | Noticed Gastronok
  8740 | D:9      | Killed Gastronok
  8919 | D:9      | Identified the +1 scale mail "Ufepnuru" {MP-9 Int+3}
  9214 | D:9      | Gained mutation: Armour fits poorly on your strangely
                  | shaped body. [a neqoxec]
  9218 | D:9      | Reached skill level 10 in Fighting
  9570 | D:9      | Found Avoaniy's Armour Emporium.
  9572 | D:9      | Found a staircase to the Orcish Mines.
  9609 | D:9      | Reached skill level 10 in Armour
  9609 | D:9      | Reached XP level 11. HP: 61/99 MP: 10/10
  9614 | D:9      | Reached ***** piety under Trog
  9972 | D:9      | Found Faorisid's Weapon Emporium.
 10348 | D:10     | Entered Level 10 of the Dungeon
 10866 | D:10     | Noticed a centaur warrior
 10869 | D:10     | HP: 1/151 [centaur warrior/arrow (12)]
 10871 | D:10     | Shot with an arrow by a centaur warrior

Illustrated notes

Levels and vault maps discovered:
D:1:      evilmike_arrival_home_sweet_home, layout_loops_ring, serial_shops,
          shop, minmay_misc_feat_five
D:2:      layout_loops_ring, dreamdust_ecumenical_altar_grove, st_stairs_8,
          uniq_sigmund
D:3:      layout_loops_ring, slow_altar_1, serial_shops, shop
D:4:      layout_basic, minmay_cupped, uniq_menkaure
D:5:      dreamdust_elfheim, layout_loops_ring, old_standard_altar,
          minmay_temple_entry_steel_oval, nicolae_shop_i_like_small_books_too
D:6:      layout_loops_corners, mainiacjoe_overflow_catwalk, kennysheep_mini,
          grunt_ministairs_9, kennysheep_generic_room_9, uniq_duvessa,
          uniq_blork_the_orc
D:7:      layout_basic, fedhas_altar_fruit_tree
D:8:      layout_cave_pods, uniq_maurice
D:9:      layout_basic, orc_david_3, special_room [special_room_orc],
          uniq_gastronok
D:10:     layout_loops_ring, nicolae_ru_awakened_eye

Skill      XL: |  1  2  3  4  5  6  7  8  9 10 |
---------------+-------------------------------+-----
Maces & Flails | 4 7 8 9 11 12 | 12.0
Fighting       | 4 6 8 10 | 10.9
Armour         | 5 7 10 | 10.4
Dodging        | 4 7 9 |  9.5

Action                     |  1- 3 |  4- 6 |  7- 9 | 10-12 || total
---------------------------+-------+-------+-------+-------++-------
  Melee: Mace              |    93 |    73 |   380 |   367 ||   913
         Headbutt          |     7 |    14 |    89 |    81 ||   191
         Punch             |       |       |    10 |     5 ||    15
 Invoke: Trog's Hand       |     1 |     1 |     1 |     3 ||     6
         Berserk           |       |     2 |     3 |     3 ||     8
 Armour: Animal skin       |     9 |       |       |       ||     9
         Plate armour      |    78 |   102 |   311 |   292 ||   783
  Dodge: Dodged            |    32 |    26 |   112 |   155 ||   325
